 Dungeon Crawl Stone Soup version 0.24.0-13-gcf9b319 (webtiles) character file.

Game seed: 8023167718248810938, levelgen mode: deterministic

75 Fang the Skirmisher (level 4, -4/29 HPs)
             Began as a Gargoyle Berserker on Nov 19, 2019.
             Was a Believer of Trog.
             Slain by a gnoll
             ... wielding a +0 spear of chaos
              (7 damage)
             ... on level 2 of the Dungeon.
             The game lasted 00:01:25 (1908 turns).

Fang the Skirmisher (Gargoyle Berserker)            Turns: 1908, Time: 00:01:26

Health: -4/29      AC:  5    Str: 22    XL:     4   Next: 31%
Magic:  2/4        EV: 11    Int:  7    God:    Trog [**....]
Gold:   85         SH:  2    Dex:  9    Spells: 3/3 levels left

rFire    + . .     SeeInvis .   a - +0 hand axe
rCold    + . .     Gourm    .   g - +0 buckler
rNeg     + . .     Faith    .   b - +0 animal skin
rPois    ∞         Spirit   .   (no helmet)
rElec    +         Reflect  .   l - scarf {rC+ rF+}
rCorr    .         Harm     .   (no gloves)
MR       ++...                  (no boots)
Stlth    +.........             (no amulet)
HPRegen  1.09/turn              (no ring)
MPRegen  0.09/turn              (no ring)

@: berserk cooldown, regenerating, slowed, very slow
A: negative energy resistance 1, electricity resistance, unbreathing,
petrification resistance, rot immunity, AC +3
a: Berserk, Trog's Hand, Renounce Religion


You were on level 2 of the Dungeon.
You worshipped Trog.
Trog was pleased with you.
You were near starving.

You visited 1 branch of the dungeon, and saw 2 of its levels.

You collected 85 gold pieces.

Inventory:

Hand Weapons
 a - a +0 hand axe (weapon)
Armour
 b - a +0 animal skin (worn)
 g - a +0 buckler (worn)
 l - a scarf of resistance (worn)
Scrolls
 h - a scroll of teleportation {unknown}
 i - a scroll of amnesia {unknown}
Potions
 d - 3 potions of curing {unknown}
 e - a potion of berserk rage {unknown}
 f - 2 potions of flight {unknown}
 k - a potion of ambrosia {unknown}
 m - a potion of magic {unknown}
Comestibles
 c - 5 rations
 j - 5 chunks of flesh


   Skills:
 + Level 3.9 Fighting
 + Level 3.2 Axes
 + Level 3.1 Armour
 + Level 2.3 Dodging


You had 3 spell levels left.
You didn't know any spells.
Your spell library was empty.

Dungeon Overview and Level Annotations

Branches:
Dungeon (2/15)

Altars:
Xom
Yredelemnul


Innate Abilities, Weirdness & Mutations

You are resistant to torment.
Your stone body is resilient. (AC +3)
You are immune to poison.
You resist negative energy. (rN+)
You are resistant to electric shocks. (rElec)
You can survive without breathing.
You are immune to petrification.
You are immune to rotting.


Message History

You feel a strong urge to attack something.
You are no longer berserk.
You are exhausted.
You feel yourself slow down.
The gnoll hits you from afar with a +0 spear of chaos.
* * * LOW HITPOINT WARNING * * *
The gnoll freezes you.
* * * LOW HITPOINT WARNING * * *
Unknown command.
Your skin crawls.
You feel resistant to hostile enchantments.
You are near starving!
The gnoll closely misses you.
You enter the shallow water.
Moving in this stuff is going to be slow.
The gnoll barely misses you.
The gnoll hits you from afar with a +0 spear of chaos.
* * * LOW HITPOINT WARNING * * *
The gnoll hits you from afar with a +0 spear of chaos!
You die...

####.### ####≈≈.≈##
#......# # ≈#≈#≈⌠.≈##
###......#
#.#.#.....≈#####.#......#
#.≈..#.###.#............#
#...≈.#?...#.###........'
##.≈≈#.≈g#$#.# #.#......#
##_≈≈.≈#.)##.# #.#......#
#≈⌠....@†≈..# ###......#
#...≈#...#.### #......#
#§≈o.≈≈.#≈^# #.......
#≈≈#####≈≈.# #......#
§..≈####≈# #.......#
#....≈#b#.# #.......#
###≈##..≈## #.......#
###..#.≈## #.......#
#.......#


You could see a gnoll, an orc and a bat.

Vanquished Creatures
  A gnoll (D:2)
  3 adders (D:2)
  2 dart slugs
  An orc (D:2)
  6 bats
  4 giant cockroaches
  7 hobgoblins
  A quokka (D:2)
  A frilled lizard (D:2)
  3 goblins
  3 kobolds
  2 rats (D:1)
34 creatures vanquished.

Notes
Turn   | Place    | Note
-------+----------+-------------------------------------------
     0 | D:1      | Fang the Gargoyle Berserker began the quest for the Orb.
     0 | D:1      | Reached XP level 1. HP: 14/14 MP: 1/1
   174 | D:1      | Reached XP level 2. HP: 19/19 MP: 2/2
  1040 | D:2      | Reached XP level 3. HP: 1/23 MP: 3/3
  1500 | D:2      | Reached ** piety under Trog
  1750 | D:2      | Reached XP level 4. HP: 26/29 MP: 4/4
  1753 | D:2      | Found a basalt altar of Yredelemnul.
  1903 | D:2      | Found a shimmering altar of Xom.
  1906 | D:2      | HP: 1/29 [gnoll/+0 spear of chaos (1)]
  1908 | D:2      | Slain by a gnoll

Levels and vault maps discovered:
D:1:      nzn_arrival_settlement, layout_basic
D:2:      layout_basic, lemuel_coloured_pillars_altar, tgw_xom

Skill      XL: |  1  2  3 |
---------------+----------+-----
Axes           | 3 |  3.2
Dodging        | 2 |  2.3
Armour         | 3 |  3.1
Fighting       | |  3.9

Action                   |  1- 3 |  4- 6 || total
-------------------------+-------+-------++-------
Melee: Hand axe          |   102 |    15 ||   117
Invok: Berserk           |       |     1 ||     1
       Trog's Hand       |       |     1 ||     1
 Stab: Sleeping          |     1 |       ||     1
  Eat: Chunk             |     3 |       ||     3
Armor: Animal skin       |    38 |     8 ||    46
Dodge: Dodged            |    85 |    12 ||    97
Block: Buckler           |     9 |     4 ||    13
